 Dungeon Crawl Stone Soup version 0.16-a0-282-ga87e286 (webtiles) character file.

716 Johnny the Ruinous (level 7, -5/52 HPs)
             Began as a Demigod Conjurer on Aug 27, 2014.
             Slain by an unseen horror (8 damage)
             ... on Level 5 of the Dungeon.
             The game lasted 00:21:23 (5766 turns).

Johnny the Ruinous (Demigod Conjurer)               Turns: 5766, Time: 00:21:23

HP  -5/52        AC  7     Str 12      XL: 7   Next: 18%
MP  11/19        EV 10     Int 21      God:
Gold 297         SH  0     Dex 18      Spells:  3 memorised,  7 levels left

rFire  + . .     SeeInvis .     f - +0 shortbow
rCold  + . .     Clarity  .     B - +1 ring mail {rC+}
rNeg   . . .     rCorr    .     (no shield)
rPois  .         rRot     .     (no helmet)
rElec  .         Spirit   .     A - +0 cloak
SustAb .         Warding  .     (no gloves)
rMut   .         Stasis   .     (no boots)
Gourm  .                        (no amulet)
MR     .....                    y - ring of invisibility
                                x - ring of protection from fire

@: about to teleport, not resistant to hostile enchantments, unstealthy
A: no striking features
a: Evoke Invisibility


You were on level 5 of the Dungeon.
You were not hungry.

You visited 1 branch of the dungeon, and saw 5 of its levels.

You collected 297 gold pieces.

Inventory:

Hand weapons
 f - a +0 shortbow (weapon)
 t - a +0 dagger of venom
 H - a +0 blowgun
Missiles
 g - 76 arrows (quivered)
 s - 35 bolts
 G - 10 poisoned needles
 I - 2 curare-tipped needles
Armour
 a - a +0 leather armour of positive energy
 A - a +0 cloak (worn)
 B - a +1 ring mail of cold resistance (worn)
Comestibles
 b - 2 bread rations
 n - 3 meat rations
 z - 2 fruits
 D - a beef jerky
 F - a slice of pizza
Scrolls
 m - 2 scrolls of enchant weapon {unknown}
 u - 2 scrolls of immolation {unknown}
 w - a scroll of recharging {unknown}
 C - a scroll of enchant armour {unknown}
 E - a scroll of fog {unknown}
Jewellery
 p - an uncursed amulet of stasis
 x - a ring of protection from fire (left hand)
 y - a ring of invisibility (right hand)
Potions
 e - 2 potions of curing {unknown}
 h - 2 potions of might {unknown}
 j - a potion of lignification {unknown}
 k - 2 potions of flight {unknown}
 o - 2 potions of restore abilities {unknown}
 J - a potion of cancellation {unknown}
 L - a potion of poison {unknown}
Books
 c - a book of Conjurations

   Spells                             Type                      Level
   *Magic Dart                        Conjuration                  1
   *Searing Ray                       Conjuration                  2
   *Dazzling Spray                    Conjuration/Hexes            3
   Fulminant Prism                    Conjuration/Hexes            4
   Iskenderun's Mystic Blast          Conjuration                  4
   Iskenderun's Battlesphere          Conjuration/Charms           5
 v - a book of Burglary

   Spells                             Type                      Level
   Swiftness                          Charms/Air                   2
   Passwall                           Transmutation/Earth          3
   Passage of Golubria                Translocation                4
   Lee's Rapid Deconstruction         Earth                        5
   Invisibility                       Hexes                        6
   Darkness                           Hexes                        7


   Skills:
 + Level 1.2 Fighting
 + Level 0.5 Short Blades
   Level 0.6(0.7) Axes
   Level 0.1(0.4) Maces & Flails
 + Level 0.3 Bows
 + Level 1.3 Throwing
 + Level 2.1 Armour
 + Level 3.6 Dodging
 + Level 2.7 Stealth
 + Level 3.5 Spellcasting
 + Level 5.1 Conjurations
 + Level 0.3 Hexes


You had 7 spell levels left.
You knew the following spells:

 Your Spells              Type           Power        Failure   Level  Hunger
a - Magic Dart            Conj           ####         1%          1    None
b - Searing Ray           Conj           ####..       3%          2    ##.....
c - Dazzling Spray        Conj/Hex       ###.....     21%         3    ###....


Dungeon Overview and Level Annotations

Branches:
Dungeon (5/15)             Temple (0/1) D:4


Message History

Something hits you but does no damage. Something hits you.
Casting: Searing Ray
Confirm with . or Enter, or press ? or * to list all spells.
You don't know that spell.
Something hits you!
Drink which item? (? for menu, Esc to quit)
Okay, then.
Read which item? (? for menu, Esc to quit)
As you read the scroll of teleportation, it crumbles to dust.
You feel strangely unstable. Something hits you. Something hits you.
* * * LOW HITPOINT WARNING * * *
Something hits you.
* * * LOW HITPOINT WARNING * * *
Something hits you!
* * * LOW HITPOINT WARNING * * *
Drink which item? (? for menu, Esc to quit)
Okay, then.
Something hits you!
You die...

....###.### #........# #
#....#.#.# #####
#.....##!# #.... #
..#...#.# #..##
#$###.#.....# #..##
#.....#...(.## #..#.
#.....#...## #..#. #?###
#@###.#....###....
#..$..#.....#......#...#
#.....#.....#%..#.##.
#.###.#(###.#...#.###
#.....#.....#........
...................#.#.#
................#.#.#..
(#..#####.........#...#
##. #...#########..


There were no monsters in sight!

Vanquished Creatures
  A hippogriff (D:5)
  A centaur (D:5)
  2 jellies (D:5)
  A giant frog zombie (D:5)
  A gnoll shaman (D:4)
  An iguana (D:5)
  3 worker ants
  13 gnolls
  4 adders
  2 worms (D:2)
  4 giant geckos
  7 orcs
  A ball python (D:3)
  6 giant cockroaches
  7 goblins
  8 hobgoblins
  12 kobolds
  10 bats
  2 giant newts
  2 quokkas
  A quokka skeleton (D:5)
  15 rats
104 creatures vanquished.

Notes
Turn   | Place    | Note
--------------------------------------------------------------
     0 | D:1      | Johnny, the Demigod Conjurer, began the quest for the Orb.
     0 | D:1      | Reached XP level 1. HP: 14/14 MP: 3/3
   317 | D:1      | Reached XP level 2. HP: 12/20 MP: 1/4
   499 | D:1      | Reached skill level 4 in Conjurations
  1604 | D:2      | Reached XP level 3. HP: 27/27 MP: 3/8
  1608 | D:2      | Learned a level 2 spell: Searing Ray
  1612 | D:2      | Learned a level 3 spell: Dazzling Spray
  1785 | D:2      | Found a shattered altar of Ashenzari.
  2162 | D:2      | Reached skill level 1 in Fighting
  2311 | D:2      | Reached XP level 4. HP: 35/35 MP: 5/10
  3270 | D:4      | Reached XP level 5. HP: 40/40 MP: 5/12
  3330 | D:4      | Found a snail-covered altar of Cheibriados.
  3877 | D:4      | Found a staircase to the Ecumenical Temple.
  4395 | D:4      | Reached XP level 6. HP: 34/47 MP: 8/17
  4727 | D:4      | Found a blossoming altar of Fedhas.
  4826 | D:4      | Reached skill level 5 in Conjurations
  5066 | D:5      | Entered Level 5 of the Dungeon
  5132 | D:5      | Got a pitted chain mail
  5139 | D:5      | Got a faintly glowing leather armour
  5150 | D:5      | Identified the +5 chain mail "Suasetog" {+Blink rC+ rN+} (You found it on level 5 of the Dungeon)
  5160 | D:5      | Identified the cursed -4 leather armour of Cluax {Str+4 Dex+4} (You found it on level 5 of the Dungeon)
  5240 | D:5      | Reached skill level 1 in Armour
  5383 | D:5      | Noticed a hippogriff
  5426 | D:5      | Found a burning altar of Makhleb.
  5532 | D:5      | Reached skill level 1 in Throwing
  5680 | D:5      | Killed a hippogriff
  5680 | D:5      | Reached XP level 7. HP: 40/52 MP: 11/19
  5765 | D:5      | HP: 2/52 [something (8)]
  5766 | D:5      | Slain by an unseen horror

Action                   |  1- 3 |  4- 6 |  7- 9 || total
-------------------------+-------+-------+-------++-------
Melee: Unarmed           |    24 |       |       ||    24
       Hand axe          |    43 |       |       ||    43
       Whip              |    10 |       |       ||    10
       Dagger            |     4 |    14 |       ||    18
 Fire: Blowgun           |       |    29 |       ||    29
       Shortbow          |       |     3 |     1 ||     4
 Cast: Magic Dart        |    70 |    95 |       ||   165
       Searing Ray       |     4 |    16 |     2 ||    22
       Dazzling Spray    |       |     3 |       ||     3
  Use: Scroll            |     3 |     2 |     1 ||     6
       Potion            |       |     1 |     1 ||     2
 Stab: Sleeping          |       |     2 |       ||     2
       Distracted        |       |     4 |       ||     4
  Eat: Chunk             |     5 |    11 |       ||    16
       Fruit             |       |     1 |       ||     1
